 Dungeon Crawl Stone Soup version 0.25-a0-934-g041635d5d1 (console) character file.

Game seed: 12115830359900894553, levelgen mode: deterministic

25 Gorlak the Conjurer (level 3, -1/24 HPs)
             Began as a Human Conjurer on May 4, 2020.
             Slain by an ooze (4 damage)
             ... on level 1 of the Dungeon.
             The game lasted 00:05:21 (651 turns).

Gorlak the Conjurer (Human Conjurer)                 Turns: 651, Time: 00:05:21

Health: -1/24      AC:  3    Str:  9    XL:     3   Next: 20%
Magic:  6/6        EV: 12    Int: 15    God:
Gold:   27         SH:  0    Dex: 13    Spells: 3/6 levels left

rFire    . . .     SeeInvis .   e - +0 short sword
rCold    . . .     Gourm    .   (no shield)
rNeg     . . .     Faith    .   d - +0 leather armour
rPois    .         Spirit   .   (no helmet)
rElec    .         Reflect  .   (no cloak)
rCorr    .         Harm     .   (no gloves)
MR       .....                  (no boots)
Stlth    ++........             (no amulet)
HPRegen  0.08/turn              (no ring)
MPRegen  0.10/turn              (no ring)

@: no status effects
A: no striking features
a: no special abilities


You were on level 1 of the Dungeon.
You were not hungry.

You visited 1 branch of the dungeon, and saw 2 of its levels.

You collected 27 gold pieces.

Inventory:

Hand Weapons
 b - a +0 club
 e - a +0 short sword (weapon)
 f - a +0 hand axe
Armour
 a - a +0 robe
 d - a +0 leather armour (worn)
Scrolls
 g - a scroll of amnesia {unknown}
 h - a scroll of remove curse {unknown}
Potions
 i - a potion of curing {unknown}
Comestibles
 c - 3 rations
 j - a chunk of flesh


   Skills:
 * Level 2.3 Dodging
 - Level 2.0 Stealth
 + Level 2.0 Spellcasting
 * Level 4.7 Conjurations


You had 3 spell levels left.
You knew the following spells:

 Your Spells              Type           Power        Failure   Level  Hunger
a - Magic Dart            Conj           ###.         4%          1    #......
b - Searing Ray           Conj           ###...       7%          2    ###....

Your spell library contained the following spells:

 Spells                   Type           Power        Failure   Level  Hunger
 Dazzling Flash           Conj/Hex       #.....       34%         3    ###....
 Fulminant Prism          Conj/Hex       #.........   75%         4    #####..
 Iskenderun's Mystic Bla  Conj/Tloc      #.......     75%         4    #####..


Dungeon Overview and Level Annotations

Branches:
Dungeon (2/15)

Altars:


Message History

j - a chunk of flesh You see here a bat skeleton.
Found a stone staircase leading down.
An ooze comes into view.
The ooze quivers.
The ooze hits you.
You barely miss the ooze. The ooze hits you.
You hit the ooze but do no damage. The ooze barely misses you.
You barely miss the ooze. The ooze misses you.
You hit the ooze.
The ooze is heavily wounded.
The ooze misses you.
You hit the ooze.
The ooze is severely wounded.
The ooze hits you.
* * * LOW HITPOINT WARNING * * *
You hit the ooze but do no damage.
The ooze is severely wounded.
The ooze hits you.
You die...

##..# #..#
##.# #.##
#..# #..# #
##.#### #.
#>...# .###
####.# ..#
#...# #J#
#.########@#
#..........#
############


You could see an ooze.

Vanquished Creatures
  2 dart slugs (D:1)
  2 bats (D:1)
  A giant cockroach (D:1)
  4 goblins (D:1)
  3 hobgoblins
  2 jackals (D:1)
  3 kobolds (D:1)
  2 rats (D:1)
19 creatures vanquished.

Notes
Turn   | Place    | Note
-------+----------+-------------------------------------------
     0 | D:1      | Gorlak the Human Conjurer began the quest for the Orb.
     0 | D:1      | Reached XP level 1. HP: 13/13 MP: 3/3
    41 | D:1      | Reached XP level 2. HP: 18/19 MP: 1/5
   113 | D:1      | You fall into a shaft and drop 1 floor!
   494 | D:1      | Learned a level 2 spell: Searing Ray
   521 | D:1      | Reached XP level 3. HP: 17/24 MP: 6/6
   651 | D:1      | Slain by an ooze

Levels and vault maps discovered:
D:1:      scummos_arrival_forest, layout_basic, minmay_misc_feat_room,
          serial_bayou_pond_c
D:2:      layout_loops_ring, gammafunk_temple_of_torment,
          chequers_temple_overflow_minitemple,
          gammafunk_temple_overflow_forgotten, first_ration, uniq_robin,
          uniq_natasha

Action                   || total
-------------------------++-------
Melee: Club              ||    50
       Short sword       ||     6
 Cast: Magic Dart        ||    21
 Stab: Sleeping          ||     1
Armor: Robe              ||    10
Dodge: Dodged            ||    49

Table legend:
 A = Non-vault XP
 B = Vault XP
 C = Vault XP percentage of total XP
 D = Non-vault monster count
 E = Vault monster count
 F = Vault count percentage of total count
                 A         B        C        D         E       F
            +---------+---------+-------+---------+---------+-------
      Total |      37 |       0 |   0.0 |      19 |       0 |   0.0
            +---------+---------+-------+---------+---------+-------
        D:1 |      35 |       0 |   0.0 |      18 |       0 |   0.0
        D:2 |       2 |       0 |   0.0 |       1 |       0 |   0.0
            +---------+---------+-------+---------+---------+-------
